 Dungeon Crawl Stone Soup version 0.20-a0-945-g3bf614a (webtiles) character file.

277418 dvd the Whirler (level 19, -11/104 HPs)
             Began as a Spriggan Hunter on Mar 31, 2017.
             Was the Champion of Okawaru.
             Killed from afar by a fire giant (21 damage)
             ... with a fireball
             ... on level 4 of the Vaults on Apr 1, 2017.
             The game lasted 05:25:25 (58993 turns).

dvd the Whirler (Spriggan Hunter)                  Turns: 58993, Time: 05:25:26

Health: -11/104    AC: 12    Str: 12      XL:     19   Next: 98%
Magic:  40/41      EV: 29    Int: 13 (16) God:    Okawaru [******]
Gold:   1506       SH: 16    Dex: 17      Spells: 14/52 levels left

rFire    + . .     SeeInvis +   a - +3 hunting sling (velocity)
rCold    + . .     Gourm    .   G - +3 buckler {AC+3}
rNeg     . . .     Faith    .   n - +2 robe {rF+}
rPois    +         Spirit   .   V - +2 hat {SInv}
rElec    +         Reflect  +   N - +2 cloak {MR+}
rCorr    .         Harm     .   (gloves unavailable)
MR       +++++                  (boots unavailable)
Stlth    +++++++...             Y - +6 amulet of reflection
Regen    1.3/turn               L - ring "Purauraj" {rElec rPois rC+}
MPRegen  0.3/turn               v - +4 ring of slaying

@: regenerating, very quick
A: unfitting armour, see invisible, herbivore 3, speed 3, magic resistance 1,
slow metabolism 2
}: 1/15 runes: gossamer
a: Heroism, Finesse, Renounce Religion


You were on level 4 of the Vaults.
You worshipped Okawaru.
Okawaru was exalted by your worship.
You were not hungry.

You visited 7 branches of the dungeon, and saw 36 of its levels.
You visited 1 bazaar.

You collected 3240 gold pieces.
You spent 1734 gold pieces at shops.

Inventory:

Hand Weapons
 a - a +3 hunting sling of velocity (weapon)
 b - a +8 quick blade
 c - a +2 hunting sling of flaming
 d - a +5 dagger of electrocution
 R - the +0 hunting sling "Kyxzaegi" {velocity, +Fly rC+ rN++ Dex-4}
   (Okawaru gifted it to you on level 1 of the Vaults)

   Any stone fired from it inflicts extra damage.
   It affects your dexterity (-4).
   It protects you from cold.
   It greatly protects you from negative energy.
   It lets you fly.
Missiles
 k - 5 steel tomahawks
 r - 2 silver tomahawks
 D - 183 sling bullets (quivered)
Armour
 j - the +3 swamp dragon scales of Least Resistance {rPois rCorr Dex+3}
   (Okawaru gifted it to you on level 2 of the Swamp)

   It affects your dexterity (+3).
   It protects you from poison.
   It protects you from acid and corrosion.
 n - a +2 robe of fire resistance (worn)
 G - a +3 buckler of protection (worn)
 N - a +2 cloak of magic resistance (worn)
 V - a +2 hat of see invisible (worn)
Jewellery
 v - a +4 ring of slaying (right hand)
 L - the ring "Purauraj" (left hand) {rElec rPois rC+}
   (You took it off a death knight on level 15 of the Dungeon)

   [ring of protection from cold]

   It protects you from cold.
   It insulates you from electricity.
   It protects you from poison.
 O - an uncursed ring of flight
 Y - a +6 amulet of reflection (around neck)
Wands
 p - a wand of iceblast (7/15)
 z - a wand of acid (9/15)
 P - a wand of acid (11/15)
 U - a wand of flame (38/48)
 X - a wand of disintegration (10/24)
 Z - a wand of lightning (11/15)
Scrolls
 e - a scroll of summoning
 g - 10 scrolls of teleportation
 h - 6 scrolls of recharging
 i - 4 scrolls of enchant armour
 l - 14 scrolls of identify
 s - a scroll of blinking
 y - 3 scrolls of magic mapping
 B - a scroll of fear
 E - 17 scrolls of remove curse
 H - 3 scrolls of amnesia
 T - 3 scrolls of fog
Potions
 q - 3 potions of brilliance
 w - 10 potions of curing
 x - a potion of ambrosia
 A - a potion of magic
 C - a potion of haste
 F - 4 potions of flight
 I - a potion of cancellation
 J - 2 potions of mutation
 K - 3 potions of might
 Q - a potion of berserk rage
 S - a potion of agility
Books
 m - a book of Unlife

   Spells                             Type                      Level
   a - Recall                         Summoning/Translocation      3
   b - Animate Dead                   Necromancy                   4
   c - Control Undead                 Necromancy                   4
   d - Cigotuvi's Embrace             Necromancy                   5
   e - Death Channel                  Necromancy                   6
   f - Simulacrum                     Ice/Necromancy               6
 o - a book of Battle

   Spells                             Type                      Level
   a - Infusion                       Charms                       1
   b - Shroud of Golubria             Charms/Translocation         2
   c - Song of Slaying                Charms                       2
   d - Spectral Weapon                Hexes/Charms                 3
   e - Regeneration                   Charms/Necromancy            3
 t - a book of Fire

   Spells                             Type                      Level
   a - Ignite Poison                  Fire/Transmutation/Poison    3
   b - Fireball                       Conjuration/Fire             5
   c - Bolt of Fire                   Conjuration/Fire             6
   d - Ring of Flames                 Charms/Fire                  7
   e - Ignition                       Fire                         8
 W - a book of the Tempests

   Spells                             Type                      Level
   a - Static Discharge               Conjuration/Air              3
   b - Lightning Bolt                 Conjuration/Air              5
   c - Ignition                       Fire                         8
   d - Tornado                        Air                          9
   e - Shatter                        Earth                        9
Comestibles
 u - 6 bread rations
 M - 23 fruits


   Skills:
 + Level 13.0 Fighting
 + Level 10.4 Short Blades
 + Level 18.0(18.1) Slings
 + Level 3.3(10.9) Throwing
 + Level 0.2 Armour
 + Level 13.2 Dodging
 + Level 17.2 Stealth
 + Level 4.5 Shields
 + Level 17.3 Spellcasting
 + Level 0.2 Conjurations
 + Level 7.6 Hexes
 + Level 0.4 Charms
 + Level 0.2 Summonings
 + Level 6.1 Necromancy
 + Level 4.0 Translocations
 + Level 5.4 Transmutations
 + Level 3.0 Fire Magic
 + Level 2.8 Ice Magic
 + Level 6.3 Air Magic
 + Level 12.2 Poison Magic
 + Level 3.9 Invocations
 + Level 2.2 Evocations


You had 14 spell levels left.
You knew the following spells:

 Your Spells              Type           Power        Failure   Level  Hunger
a - Poisonous Vapours     Pois/Air       #####.       1%          2    None
b - Ensorcelled Hibernat  Hex/Ice        ###...       1%          2    None
c - Confuse               Hex            ####....     1%          3    None
d - Olgreb's Toxic Radia  Pois           #####...     1%          4    ##.....
e - Tukima's Dance        Hex            ####....     1%          3    None
f - Dazzling Spray        Conj/Hex       ###...       4%          3    None
g - Blink                 Tloc           N/A          1%          2    None
h - Animate Dead          Necr           N/A          8%          4    ##.....
i - Ignite Poison         Fire/Tmut/Pois ####....     1%          3    None
j - Control Undead        Necr           ####......   8%          4    ##.....
k - Recall                Summ/Tloc      N/A          10%         3    None
l - Regeneration          Chrm/Necr      ###.......   6%          3    None
m - Shroud of Golubria    Chrm/Tloc      ###.......   4%          2    None


Dungeon Overview and Level Annotations

Branches:
Dungeon (15/15)            Temple (1/1) D:6            Lair (6/6) D:8
  Swamp (4/4) Lair:4       Spider (4/4) Lair:2        Slime (0/5) Lair:6
    Orc (2/2) D:11            Elf (0/3) Orc:2        Vaults (4/5) D:13
  Crypt (0/3) Vaults:2     Depths (0/5) D:15

Altars:
Ashenzari
Cheibriados
Dithmenos
Elyvilon
Fedhas
Gozag
Hepliaklqana
Kikubaaqudgha
Makhleb
Nemelex Xobeh
Okawaru
Qazlal
Ru
Sif Muna
Trog
Uskayaw
Vehumet
Wu Jian
Xom
Yredelemnul
Zin
The Shining One
Beogh

Shops:
D:5 [   D:7 [   D:12 [   Orc:1 =   Orc:2 }([   Vaults:1 [

Portals:
Trove: D:13 (give horn of Geryon)

Annotations:
Swamp:4 Lernaean hydra
Spider:4 BattleRest's ghost, adept MiFi


Innate Abilities, Weirdness & Mutations

You are very small and have problems with some larger weapons.
You are too small for most types of armour.
You have supernaturally acute eyesight. (SInv)
You are a herbivore.
You cover ground extremely quickly.
You need consume almost no food.
You are resistant to hostile enchantments. (MR+)


Message History

Unknown command.
The ice dragon roars deafeningly!
The ice dragon breathes frost at you. The blast of cold hits you! You resist.
* * * LOW HITPOINT WARNING * * *
Unknown command.
You feel better.
Unknown command.
As you read the scroll of fear, it crumbles to dust.
You assume a fearsome visage.
The ice dragon looks frightened!
Unknown command.
You start resting.
You open the door. The fire giant casts a spell at you.
The bolt of fire hits you! You resist.
* * * LOW HITPOINT WARNING * * *
There is an open door here.
The fire giant points at you and mumbles some strange words.
The fireball explodes!
The fireball engulfs you! You resist.
You die...

#### ##...#
####.....####
######.§§#§..#...##
#...'..§C§###..<..#
#..@##..§#§§§#.C.##
#...#####§§§§.####
...#### ##§§§##
.... ##### ... .. .


You could see a fire giant.

Vanquished Creatures
  Rupert (D:14)
  A tentacled monstrosity (Swamp:2)
  Asterion (Vaults:1)
  A sphinx (Vaults:3)
  2 thorn hunters
  Donald (Swamp:3)
  Roxanne (Swamp:3)
  3 emperor scorpions
  2 orc warlords
  A frost giant (Vaults:3)
  9 vault wardens
  A curse skull (Vaults:2)
  6 ghost moths
  7 ironheart preservers
  A very ugly thing (Vaults:2)
  3 stone giants
  Nessos (Lair:5)
  A spark wasp (Spider:4)
  Snorg (D:14)
  3 fire dragons
  4 ogre magi
  3 rakshasas
  9 yaktaur captains
  3 ice dragons (Vaults:1)
  10 vault guards
  18 hydras
  3 ghost crabs
  10 centaur warriors
  6 death yaks (Lair:4)
  15 two-headed ogres
  6 alligators
  A catoblepas (D:14)
  3 death knights
  A deep troll shaman (Vaults:2)
  3 deep troll earth magi (Vaults:2)
  A tengu warrior (D:15)
  A soul eater (Vaults:2)
  The ghost of feelmyfire the Covert, a journeyman VSEn of Kikubaaqudgha (D:12)
  Urug (D:10)
  A deep elf knight (Vaults:2)
  2 shadow wraiths
  12 skeletal warriors
  2 unseen horrors
  2 spriggan druids
  7 deep trolls (Vaults:2)
  An unseen horror (shapeshifter) (Vaults:1)
  3 wizards
  2 flayed ghosts
  3 swamp dragons
  2 glowing orange brains
  11 ironbrand convokers
  An orange crystal statue (Vaults:3)
  2 phantasmal warriors
  5 orc knights
  A necromancer (D:15)
  33 wolf spiders
  15 orb spiders
  2 orc sorcerers (Orc:2)
  A fire giant zombie (D:15)
  2 manticores (D:13)
  37 ugly things
  2 deep elf magi
  22 elephants
  6 black mambas
  4 centaur zombies
  11 vault sentinels
  4 moths of wrath
  7 cyclopes
  3 torpor snails
  A gargoyle (D:10)
  16 spiny frogs
  2 kobold demonologists
  22 yaktaurs
  8 demonic crawlers
  2 rime drakes
  A komodo dragon (shapeshifter) (D:15)
  8 komodo dragons
  5 freezing wraiths
  2 hellwings (D:8)
  A tengu conjurer (D:15)
  9 trolls
  9 polar bears (Lair:6)
  7 tyrant leeches
  A merfolk (D:13)
  36 jumping spiders
  32 dream sheep
  Grinder (D:4)
  3 meliai (D:13)
  17 hornets
  2 raiju (Lair:6)
  12 slime creatures
  Prince Ribbit (D:6)
  16 blink frogs
  2 bog bodies
  A raiju (shapeshifter) (D:13)
  A spriggan zombie (D:15)
  12 hippogriffs
  A deep troll zombie (D:15)
  A vampire (D:13)
  Sigmund (D:2)
  18 flying skulls (D:15)
  71 redbacks
  A wraith (D:11)
  3 wyverns
  A spriggan skeleton (D:15)
  41 yaks
  7 spriggans
  19 tarantellas
  3 hogs (Spider:3)
  5 shadows
  3 basilisks
  4 hungry ghosts
  A basilisk (shapeshifter) (Vaults:3)
  15 vampire mosquitoes
  7 wargs
  24 swamp worms
  3 acid dragons
  10 porcupines
  15 hell hounds (Lair:6)
  29 water moccasins
  A hornet zombie (D:8)
  5 ice beasts
  4 sky beasts
  14 black bears
  46 orc warriors
  An eye of draining (D:8)
  2 swamp drakes
  A necrophage (D:11)
  4 phantoms
  2 boggarts (Vaults:3)
  14 wolves
  9 centaurs
  22 ogres
  A tengu (shapeshifter) (Vaults:2)
  14 crocodiles
  6 big kobolds
  16 bullfrogs
  Blork the orc (D:5)
  A wyvern skeleton (D:8)
  3 scorpions
  6 killer bees (D:10)
  A howler monkey (D:11)
  2 electric eels
  4 wights (D:13)
  11 crimson imps
  2 bullfrog zombies
  7 hounds
  A quasit (D:11)
  6 jellies
  11 centaur skeletons
  4 iguanas
  20 orc priests
  34 orc wizards
  6 bullfrog skeletons
  Terence (D:2)
  8 worker ants
  A killer bee zombie (D:9)
  A hound zombie (D:11)
  2 hound skeletons
  A worker ant zombie (D:7)
  24 adders
  12 shadow imps
  7 oozes
  An adder zombie (D:5)
  2 worms
  A dart slug (D:1)
  7 leopard geckos
  130 orcs
  2 ball pythons
  6 giant cockroaches
  10 goblins
  7 hobgoblins
  11 jackals
  4 quokkas
  6 bats
  4 frilled lizards
  15 kobolds
  4 rats
  2 fungi
  2 plants (Lair:6)
  2 withered plants (D:15)
1420 creatures vanquished.

Vanquished Creatures (collateral kills)
  Jorgrun (Spider:3)
  Kirke (Spider:3)
  A ghost moth (Spider:4)
  A frost giant (Vaults:2)
  An ironheart preserver (Vaults:2)
  A stone giant (Vaults:2)
  A spark wasp (Spider:4)
  A rakshasa (Vaults:1)
  A vault guard (Vaults:3)
  A hydra (Swamp:4)
  An alligator (Swamp:1)
  A death knight (Vaults:3)
  2 skeletal warriors (Vaults:2)
  A flayed ghost (Vaults:3)
  4 deep trolls (Vaults:2)
  2 orc knights (Vaults:2)
  A phantasmal warrior (Vaults:2)
  3 orb spiders
  5 ugly things
  13 wolf spiders
  A cyclops (Vaults:2)
  2 freezing wraiths
  4 demonic crawlers
  11 jumping spiders
  A tengu simulacrum (Vaults:3)
  4 hornets
  29 redbacks
  4 tarantellas
  A wraith (Vaults:2)
  A hog (Spider:3)
  A warg (Vaults:2)
  An orc warrior (Orc:2)
  A boggart (Vaults:3)
  An elf simulacrum (Vaults:2)
  An orc wizard (Orc:2)
  3 orcs
109 creatures vanquished.

Vanquished Creatures (others)
  A yaktaur captain (Vaults:2)
  A centaur warrior (Vaults:3)
  2 yaktaurs
  A dream sheep (Lair:6)
  A wraith (D:15)
  A water moccasin (Lair:6)
  5 dancing weapons
  A kobold (D:13)
  3 briar patches (Swamp:4)
  A bush (Lair:4)
  9 fungi
  17 plants
  A withered plant (D:8)
44 creatures vanquished.

Grand Total: 1573 creatures vanquished

Notes
Turn   | Place    | Note
-------+----------+-------------------------------------------
     0 | D:1      | dvd the Spriggan Hunter began the quest for the Orb.
     0 | D:1      | Reached XP level 1. HP: 10/10 MP: 2/2
    13 | D:1      | Reached skill level 5 in Slings
    32 | D:1      | Reached XP level 2. HP: 4/15 MP: 3/3
   644 | D:1      | Reached XP level 3. HP: 18/18 MP: 2/4
  1066 | D:2      | Noticed Terence
  1096 | D:2      | Killed Terence
  1096 | D:2      | Reached skill level 6 in Slings
  1096 | D:2      | Reached XP level 4. HP: 8/23 MP: 2/5
  1457 | D:2      | Noticed Sigmund
  1462 | D:2      | Killed Sigmund
  1462 | D:2      | Reached skill level 1 in Short Blades
  1462 | D:2      | Reached skill level 7 in Slings
  1462 | D:2      | Reached XP level 5. HP: 27/27 MP: 6/6
  1946 | D:3      | Reached XP level 6. HP: 32/32 MP: 7/7
  2534 | D:3      | Found an iron altar of Okawaru.
  2571 | D:3      | Became a worshipper of Warmaster Okawaru
  2903 | D:4      | Reached skill level 8 in Slings
  3285 | D:4      | Noticed Grinder
  3293 | D:4      | Killed Grinder
  3293 | D:4      | Reached * piety under Okawaru
  3293 | D:4      | Reached XP level 7. HP: 22/36 MP: 5/8
  3503 | D:5      | Entered Level 5 of the Dungeon
  3525 | D:5      | Reached skill level 9 in Slings
  3785 | D:5      | Reached skill level 5 in Stealth
  3825 | D:5      | Reached ** piety under Okawaru
  3825 | D:5      | Reached XP level 8. HP: 40/40 MP: 9/9
  4110 | D:5      | Found Tenou's Antique Armour Shop.
  4119 | D:5      | Bought a runed robe for 92 gold pieces
  4199 | D:5      | Found an ancient bone altar of Kikubaaqudgha.
  4206 | D:5      | Noticed Blork the orc
  4217 | D:5      | Killed Blork the orc
  4405 | D:5      | Reached skill level 10 in Slings
  4536 | D:5      | Gained mutation: Your magical capacity is low. (-10% MP) [potion of mutation]
  4536 | D:5      | Lost mutation: Your magical capacity is low. (-10% MP) [potion of mutation]
  4536 | D:5      | Gained mutation: Your spells are a little harder to cast, but a little more powerful. [potion of mutation]
  4536 | D:5      | Gained mutation: You are partially covered in yellow scales. (AC +2) [potion of mutation]
  4840 | D:6      | Noticed Prince Ribbit
  4847 | D:6      | Killed Prince Ribbit
  4994 | D:6      | Found a staircase to the Ecumenical Temple.
  5002 | Temple   | Entered the Ecumenical Temple
  5387 | D:6      | Reached skill level 5 in Dodging
  5524 | D:6      | Reached XP level 9. HP: 46/46 MP: 10/10
  5571 | D:6      | Reached *** piety under Okawaru
  6035 | D:7      | Reached skill level 11 in Slings
  6070 | D:7      | Found Utor's Antique Armour Boutique.
  6490 | D:7      | Reached skill level 5 in Fighting
  6993 | D:8      | Noticed a cyclops
  6998 | D:8      | Reached **** piety under Okawaru
  7001 | D:8      | Killed a cyclops
  7001 | D:8      | Reached skill level 5 in Short Blades
  7001 | D:8      | Reached skill level 10 in Stealth
  7320 | D:8      | Found a staircase to the Lair.
  7322 | D:8      | Reached XP level 10. HP: 51/51 MP: 11/11
  7433 | D:8      | Received a gift from Okawaru
  8027 | D:8      | Received a gift from Okawaru
  8027 | D:8      | Reached skill level 12 in Slings
  8133 | D:8      | Reached ***** piety under Okawaru
  8204 | D:8      | Learned a level 2 spell: Poisonous Vapours
  8681 | D:9      | Noticed a two-headed ogre
  8699 | D:9      | Killed a two-headed ogre
  8699 | D:9      | Received a gift from Okawaru
  8726 | D:9      | Reached skill level 1 in Invocations
  9076 | D:9      | Reached skill level 13 in Slings
  9438 | D:10     | Entered Level 10 of the Dungeon
  9472 | D:10     | Reached XP level 11. HP: 52/58 MP: 8/12
  9820 | D:10     | Noticed Urug
  9844 | D:10     | Killed Urug
  9844 | D:10     | Reached skill level 1 in Spellcasting
 10347 | D:11     | Reached skill level 1 in Air Magic
 10361 | D:11     | Reached skill level 1 in Poison Magic
 10978 | D:11     | Found a staircase to the Orcish Mines.
 11246 | D:11     | Noticed a skeletal warrior
 11247 | D:11     | Noticed a skeletal warrior
 11247 | D:11     | Noticed a skeletal warrior
 11260 | D:11     | Noticed a skeletal warrior
 11260 | D:11     | Noticed a skeletal warrior
 11623 | D:10     | Received a gift from Okawaru
 11877 | Lair:1   | Entered Level 1 of the Lair of Beasts
 12113 | Lair:1   | Reached skill level 1 in Throwing
 12122 | Lair:1   | Reached skill level 14 in Slings
 12853 | Lair:2   | Reached XP level 12. HP: 65/65 MP: 17/17
 13575 | Lair:2   | Found a hole to the Spider Nest.
 14892 | Lair:2   | Noticed a seven-headed hydra
 14923 | Lair:2   | Killed a seven-headed hydra
 15003 | Lair:2   | Noticed a four-headed hydra
 15044 | Lair:2   | Killed a four-headed hydra
 15044 | Lair:2   | Received a gift from Okawaru
 15321 | Lair:3   | Noticed a five-headed hydra
 15370 | Lair:3   | Killed a five-headed hydra
 15619 | Lair:3   | Received a gift from Okawaru
 15692 | Lair:3   | Noticed an eight-headed hydra
 15741 | Lair:3   | Killed an eight-headed hydra
 16081 | Lair:4   | Received a gift from Okawaru
 16101 | Lair:4   | Reached skill level 15 in Slings
 16527 | Lair:4   | Reached XP level 13. HP: 29/70 MP: 6/20
 16598 | Lair:4   | Learned a level 2 spell: Ensorcelled Hibernation
 16866 | Lair:4   | Received a gift from Okawaru
 17409 | Lair:4   | Reached skill level 10 in Fighting
 17454 | Lair:4   | Reached skill level 1 in Hexes
 17501 | Lair:4   | Found a staircase to the Swamp.
 17909 | Lair:4   | Reached skill level 5 in Spellcasting
 18316 | Lair:5   | Received a gift from Okawaru
 18499 | Lair:5   | Reached skill level 1 in Ice Magic
 18788 | Lair:5   | Learned a level 3 spell: Confuse
 18793 | Lair:5   | Learned a level 4 spell: Olgreb's Toxic Radiance
 18853 | Lair:5   | Noticed Nessos
 20361 | D:11     | Learned a level 3 spell: Tukima's Dance
 20409 | Orc:1    | Entered Level 1 of the Orcish Mines
 20821 | Orc:1    | Found Joamad's Jewellery Emporium.
 20832 | Orc:1    | Bought a +6 amulet of reflection for 877 gold pieces
 20896 | Orc:1    | Noticed an orc warlord
 21250 | Orc:1    | Killed an orc warlord
 21250 | Orc:1    | Reached XP level 14. HP: 77/77 MP: 13/24
 21482 | Orc:2    | Entered Level 2 of the Orcish Mines
 21518 | Orc:2    | Received a gift from Okawaru
 21654 | Orc:2    | Found a roughly hewn altar of Beogh.
 21861 | Orc:2    | Found a roughly hewn altar of Beogh.
 22007 | Orc:2    | Found a roughly hewn altar of Beogh.
 22062 | Orc:2    | Found a roughly hewn altar of Beogh.
 22135 | Orc:2    | Found a staircase to the Elven Halls.
 22148 | Orc:2    | Found a roughly hewn altar of Beogh.
 22197 | Orc:2    | Reached skill level 5 in Poison Magic
 22227 | Orc:2    | Reached ****** piety under Okawaru
 22281 | Orc:2    | Found a roughly hewn altar of Beogh.
 22299 | Orc:2    | Found a roughly hewn altar of Beogh.
 22387 | Orc:2    | Found Bekempag's Gadget Emporium.
 22436 | Orc:2    | Received a gift from Okawaru
 22564 | Orc:2    | Noticed an orc warlord
 22662 | Orc:2    | Killed an orc warlord
 22662 | Orc:2    | Received a gift from Okawaru
 22662 | Orc:2    | Reached skill level 16 in Slings
 22792 | Orc:2    | Found Jirozarr's Antique Weapon Boutique.
 22798 | Orc:2    | Found Ifriyross's Antique Armour Shop.
 22800 | Orc:2    | Found a roughly hewn altar of Beogh.
 22938 | Orc:2    | Found a roughly hewn altar of Beogh.
 22938 | Orc:2    | Found Ominguts's Armour Shoppe.
 23348 | Lair:5   | Killed Nessos
 23700 | Lair:5   | Got a coiled golden ring
 23702 | Lair:5   | Identified the ring "Juyluops" {rC+ Str+4 Int-3 Stlth+} (You found it on level 5 of the Lair of Beasts)
 23857 | Lair:6   | Entered Level 6 of the Lair of Beasts
 23865 | Lair:6   | Received a gift from Okawaru
 23890 | Lair:6   | Found a staircase to the Slime Pits.
 23899 | Lair:6   | Reached skill level 10 in Dodging
 23926 | Lair:6   | Got a shimmering hunting sling {god gift}
 23927 | Lair:6   | Identified the +4 hunting sling of Riqe {flame, *Contam rF+++ Str-5} (Okawaru gifted it to you on level 6 of the Lair of Beasts)
 24451 | Lair:6   | Gained mutation: You expend magic power (3 MP) to strengthen your wands. [mutagenic glow]
 24592 | Lair:6   | Lost mutation: You expend magic power (3 MP) to strengthen your wands. [potion of mutation]
 24592 | Lair:6   | Lost mutation: You are partially covered in yellow scales. (AC +2) [potion of mutation]
 24592 | Lair:6   | Lost mutation: Your spells are a little harder to cast, but a little more powerful. [potion of mutation]
 24592 | Lair:6   | Gained mutation: Your muscles are strong. (Str +2) [potion of mutation]
 24592 | Lair:6   | Lost mutation: Your muscles are strong. (Str +2) [potion of mutation]
 24592 | Lair:6   | Gained mutation: You are resistant to hostile enchantments. (MR+) [potion of mutation]
 25352 | Lair:6   | Received a gift from Okawaru
 25640 | Lair:6   | Identified the cursed +2 hand axe of Modesty {protect, rC+} (You found it on level 6 of the Lair of Beasts)
 25737 | Lair:6   | Reached skill level 15 in Stealth
 26193 | Lair:6   | Reached skill level 1 in Evocations
 26214 | Lair:6   | Received a gift from Okawaru
 26465 | Lair:6   | Reached XP level 15. HP: 81/81 MP: 22/29
 26560 | Lair:6   | Received a gift from Okawaru
 27198 | Lair:6   | Learned a level 3 spell: Dazzling Spray
 28066 | D:12     | Found Tyilacrest's Armour Shop.
 28462 | D:12     | Noticed feelmyfire's ghost (journeyman VSEn)
 28496 | D:12     | Killed feelmyfire's ghost
 29035 | D:13     | Found a gate to the Vaults.
 29200 | D:13     | Received a gift from Okawaru
 29411 | D:13     | Found a portal to a secret trove of treasure.
 29819 | D:13     | Got a twisted falchion
 29820 | D:13     | Identified the +4 falchion of Valuable Assets {freeze, Str+7} (You found it on level 13 of the Dungeon)
 30023 | D:14     | Noticed Snorg
 30078 | D:14     | Killed Snorg
 30082 | D:14     | Received a gift from Okawaru
 30082 | D:14     | Reached skill level 10 in Spellcasting
 30085 | D:14     | Got a steaming buckler {god gift}
 30091 | D:14     | Identified the +0 buckler "Akoofrid" {-Cast rElec Int+4} (Okawaru gifted it to you on level 14 of the Dungeon)
 30335 | D:14     | Noticed Rupert
 30394 | D:14     | Killed Rupert
 32661 | D:15     | Entered Level 15 of the Dungeon
 32669 | D:15     | Found an opulent altar of Gozag.
 32816 | D:15     | Found a flickering gateway to a bazaar.
 32840 | Bazaar   | Entered a bazaar
 32993 | Bazaar   | Found Vevvapru's Jewellery Shoppe.
 33001 | Bazaar   | Found Esiown's Weapon Shop.
 33044 | Bazaar   | Found Nisut's Antique Weapon Emporium.
 33052 | Bazaar   | Found Zantelust's Book Boutique.
 33080 | Bazaar   | Bought a book of Minor Magic for 180 gold pieces
 33080 | Bazaar   | Bought a book of Unlife for 585 gold pieces
 33084 | Bazaar   | Learned a level 2 spell: Blink
 33089 | Bazaar   | Learned a level 4 spell: Animate Dead
 33242 | D:15     | Reached skill level 17 in Slings
 33343 | D:15     | Found a staircase to the Depths.
 33885 | D:15     | Found a sparkling altar of Nemelex Xobeh.
 34412 | D:15     | Received a gift from Okawaru
 34412 | D:15     | Reached XP level 16. HP: 79/88 MP: 28/31
 34462 | D:15     | Reached skill level 1 in Necromancy
 35012 | D:15     | Got a coiled turquoise ring
 35016 | D:15     | Identified the ring "Purauraj" {rElec rPois rC+} (You took it off a death knight on level 15 of the Dungeon)
 36299 | Spider:1 | Entered Level 1 of the Spider Nest
 36735 | Spider:1 | Received a gift from Okawaru
 37139 | Spider:1 | Reached skill level 5 in Air Magic
 39312 | Spider:2 | Received a gift from Okawaru
 39664 | Spider:3 | Noticed Kirke
 39672 | Spider:3 | Killed Kirke
 39861 | Spider:3 | Noticed Jorgrun
 39891 | Spider:3 | Reached XP level 17. HP: 91/94 MP: 21/34
 39914 | Spider:3 | Killed Jorgrun
 40263 | Spider:3 | Received a gift from Okawaru
 40263 | Spider:3 | Reached skill level 10 in Short Blades
 40468 | Spider:4 | Entered Level 4 of the Spider Nest
 40675 | Spider:4 | Noticed BattleRest's ghost (adept MiFi)
 41055 | Spider:4 | Received a gift from Okawaru
 41550 | Spider:4 | Received a gift from Okawaru
 41782 | Spider:4 | Received a gift from Okawaru
 42161 | Spider:4 | Reached skill level 10 in Poison Magic
 42301 | Spider:4 | Received a gift from Okawaru
 42342 | Spider:4 | Reached skill level 5 in Hexes
 42483 | Spider:4 | Got a gossamer rune of Zot
 42754 | Spider:4 | Reached skill level 1 in Translocations
 43138 | Swamp:1  | Entered Level 1 of the Swamp
 43291 | Swamp:1  | Learned a level 3 spell: Ignite Poison
 43396 | Swamp:1  | Learned a level 4 spell: Control Undead
 44006 | Swamp:2  | Received a gift from Okawaru
 44026 | Swamp:2  | Got shimmering swamp dragon scales {god gift}
 44037 | Swamp:2  | Identified the +3 swamp dragon scales of Least Resistance {rPois rCorr Dex+3} (Okawaru gifted it to you on level 2 of the Swamp)
 44412 | Swamp:2  | Reached skill level 1 in Transmutations
 45708 | Swamp:2  | Found a runed door.
 45708 | Swamp:2  | Noticed a tentacled monstrosity
 45846 | Swamp:2  | Killed a tentacled monstrosity
 47191 | Swamp:3  | Reached XP level 18. HP: 55/99 MP: 7/36
 47514 | Swamp:3  | Noticed Roxanne
 47589 | Swamp:3  | Killed Roxanne
 47590 | Swamp:3  | Identified Roxanne's Reference Book on Moulding (You took it off Roxanne on level 3 of the Swamp)
 47739 | Swamp:4  | Entered Level 4 of the Swamp
 47739 | Swamp:4  | Noticed Donald
 47788 | Swamp:3  | Killed Donald
 48099 | Swamp:4  | Upgraded the game from 0.20-a0-941-gba1b1f9 to 0.20-a0-945-g3bf614a
 49061 | Swamp:4  | Noticed the 27-headed Lernaean hydra
 50259 | Vaults:1 | Entered Level 1 of the Vaults
 50500 | Vaults:1 | Found Wirgh's Armour Emporium.
 50602 | Vaults:1 | Reached skill level 1 in Fire Magic
 50618 | Vaults:1 | Received a gift from Okawaru
 50648 | Vaults:1 | Got a brightly glowing hunting sling {god gift}
 50649 | Vaults:1 | Identified the +0 hunting sling "Kyxzaegi" {velocity, +Fly rC+ rN++ Dex-4} (Okawaru gifted it to you on level 1 of the Vaults)
 50673 | Vaults:1 | Got a shimmering hand crossbow
 50674 | Vaults:1 | Identified the +3 hand crossbow "Vippyu Cineu" {velocity, rPois Int+4} (You found it on level 1 of the Vaults)
 51548 | Vaults:1 | Reached skill level 15 in Spellcasting
 51987 | Vaults:1 | Noticed Asterion
 52086 | Vaults:1 | Reached skill level 5 in Necromancy
 52314 | Vaults:1 | Killed Asterion
 52387 | Vaults:1 | Learned a level 3 spell: Recall
 52408 | Vaults:1 | Received a gift from Okawaru
 52545 | Vaults:1 | Reached skill level 1 in Shields
 53773 | Vaults:2 | Reached XP level 19. HP: 98/103 MP: 6/39
 54275 | Vaults:2 | Received a gift from Okawaru
 54322 | Vaults:2 | HP: 5/103 [yaktaur captain/bolt (34)]
 55062 | Vaults:2 | Found a staircase to the Crypt.
 55079 | Vaults:2 | Received a gift from Okawaru
 55107 | Vaults:2 | Received a gift from Okawaru
 55175 | Vaults:2 | Received a gift from Okawaru
 55392 | Vaults:2 | Learned a level 3 spell: Regeneration
 55871 | Vaults:3 | Received a gift from Okawaru
 56059 | Vaults:3 | Reached skill level 5 in Transmutations
 56695 | Vaults:3 | Learned a level 2 spell: Shroud of Golubria
 57679 | Vaults:2 | Received a gift from Okawaru
 57687 | Vaults:2 | Got a colourful robe {god gift}
 57698 | Vaults:2 | Identified the +1 robe of the Republic {Dex+5} (Okawaru gifted it to you on level 2 of the Vaults)
 58242 | Vaults:3 | Reached skill level 18 in Slings
 58983 | Vaults:4 | HP: 3/104 [ice dragon/blast of cold (28)]
 58993 | Vaults:4 | Killed from afar by a fire giant

Vault maps used:
D:1:      elethiomel_arrival_quiet
D:2:      uniq_terence, uniq_sigmund
D:3:      okawaru_altar_gauntlet_db
D:4:      uniq_grinder
D:5:      nicolae_overflow_crystal_walls, first_bread, serial_shops,
          nicolae_shop_stone, uniq_blork_the_orc
D:6:      minmay_temple_entry_grid, kennysheep_nondescript, uniq_prince_ribbit1
D:7:      minmay_flawed_box, serial_shops, shop
D:8:      cheibrodos_grave_circle, lair_entry_dummy
D:10:     uniq_urug
D:11:     hiddenorc2_lemuel, evilmike_surprise_oklob
D:12:     serial_shops, shop
D:13:     david_vaults_1, nicolae_trove_entry_crossroad, hangedman_fish_farm
D:14:     kennysheep_doodads, glass_columns_b, uniq_snorg, uniq_rupert
D:15:     gammafunk_depths_entry_grave, basic_altar, serial_shops, freezing_bzr,
          lemuel_tele_altar, minmay_guarded_unrand_skullcrusher
Temple:   regret_index_temple_sigil_plot
Lair:1:   minivault_27, lemuel_fruit_fields, serial_bayou_shore_b,
          grunt_megastairs_5
Lair:2:   lemuel_reptile_caves, spider_nest_entry_funnel_web,
          serial_bayou_pond_a, grunt_megastairs_2, infiniplex_staircase_pool_2,
          lemuel_fruit_tree
Lair:3:   infiniplex_staircase_pool
Lair:4:   nicolae_swamp_entry_splash_gauntlet
Lair:5:   grunt_megastairs_1, uniq_nessos
Lair:6:   hangedman_lair_caniforms_friends, nicolae_slime_entry_slimehenge,
          minivault_23, serial_bayou_pond_c
Swamp:1:  evilmike_swamp_ruin_house_6, swamp_pool5
Swamp:2:  cheibrodos_swamp_sealed, nicolae_swamp_treefoil
Swamp:3:  evilmike_swamp_ruin_rubble_2, uniq_roxanne
Swamp:4:  swamp_old_school, uniq_donald
Spider:1: spider_trap
Spider:2: nicolae_spider_nook
Spider:3: hive_lemuel, uniq_kirke, uniq_jorgrun
Spider:4: grunt_spider_rune_parallel
Orc:1:    serial_shops, shop_statue, statue_in_the_mist_lemuel
Orc:2:    grunt_orc_community_town_hall, grunt_orc_community_big_house_2,
          grunt_orc_community_big_house_1, grunt_orc_community_house_1,
          grunt_orc_community_house_3, grunt_orc_community_house_1,
          grunt_orc_community_house_2, grunt_orc_community_house_1,
          grunt_orc_community_house_2
Vaults:1: ontoclasm_vaults_ring_square, v_misc_3, ontoclasm_vaults_fault,
          grunt_vaults_focal, v_misc_3, vaults_room_large_hall,
          vaults_standard_mumra_enter_the_diamond,
          nicolae_vaults_little_squares_1, ontoclasm_vaults_ligature,
          vaults_room_glass_cross, nicolae_vaults_mini_display_case,
          serial_shops, nicolae_shop_stone, uniq_asterion
Vaults:2: v_misc_30, v_pattern_4, dpeg_vaults_monster_box,
          dpeg_vaults_monster_row, hangedman_vaults_restitches,
          minmay_crypt_entry_simple_statues, st_lattice, v_misc_14, v_rooms_6,
          grunt_vaults_hallway_short, vaults_room_door_ring
Vaults:3: ontoclasm_vaults_tryst, vaults_mumra_chevron, vaults_room_hallway,
          ontoclasm_vaults_spin, v_rooms_5, v_misc_8,
          ontoclasm_vaults_loading_screen, hangedman_vaults_locks,
          v_alt_pattern_1, v_pattern_1, v_misc_17, nicolae_vaults_statue_guard
Vaults:4: nicolae_vaults_specimen_jars, hangedman_vaults_impose, v_misc_18,
          v_misc_30, nicolae_vaults_little_squares_1, ontoclasm_vaults_gateway,
          v_misc_23, nicolae_vaults_ninety_degrees, v_misc_32,
          hangedman_vaults_corner_blocks, vaults_mumra_hexcomb,
          vaults_standard_mumra_x, vaults_mumra_lcd, serial_shops,
          nicolae_shop_temple_entry_statues_fountains,
          portal_desolation_entry_holy_temple, uniq_sojobo, uniq_mennas,
          uniq_frederick
Bazaar:   bazaar_jpeg_ribbon

Skill      XL: |  1  2  3  4  5  6  7  8  9 10 11 12 13 14 15 16 17 18 19 |
---------------+----------------------------------------------------------+-----
Slings         | 5 6 7 8 9 10 11 13 14 15 16 17 18 | 18.0
Stealth        | 2 4 5 7 10 11 12 13 14 15 16 17 | 17.2
Fighting       | 2 3 4 5 6 8 9 10 12 13 | 13.0
Short Blades   | 1 2 3 5 6 7 8 9 10 | 10.4
Dodging        | 4 5 6 7 8 9 10 11 12 13 | 13.2
Invocations    | 1 2 3 |  3.9
Spellcasting   | 2 4 6 9 10 12 13 15 17 | 17.3
Air Magic      | 2 3 4 5 6 |  6.3
Poison Magic   | 1 2 4 7 9 10 11 12 | 12.2
Throwing       | 1 2 3 |  3.3
Hexes          | 2 3 4 5 6 7 |  7.6
Ice Magic      | 1 2 |  2.8
Evocations     | 1 2 |  2.2
Necromancy     | 4 5 6 |  6.1
Translocations | 2 3 4 |  4.0
Transmutations | 2 3 5 |  5.4
Fire Magic     | 1 3 |  3.0
Shields        | 2 4 |  4.5
Armour         | |  0.2
Conjurations   | |  0.2
Charms         | |  0.4
Summonings     | |  0.2

Action                   |  1- 3 |  4- 6 |  7- 9 | 10-12 | 13-15 | 16-18 | 19-21 || total
-------------------------+-------+-------+-------+-------+-------+-------+-------++-------
Melee: Dagger            |    15 |    91 |   178 |   379 |   440 |   397 |    89 ||  1589
       Short sword       |     3 |       |       |       |     7 |       |       ||    10
       Punch             |       |       |       |     3 |     3 |    23 |       ||    29
       Quick blade       |       |       |       |    10 |   387 |   763 |   261 ||  1421
       Hunting sling     |       |       |       |       |     9 |       |       ||     9
 Fire: Hunting sling     |    68 |    60 |   145 |   667 |  1305 |   697 |   133 ||  3075
Throw: Stone             |     1 |       |       |       |       |       |       ||     1
       Tomahawk          |       |       |     1 |     8 |    13 |    21 |     6 ||    49
 Cast: Poisonous Vapours |       |       |       |    27 |    68 |   130 |    11 ||   236
       Ensorcelled Hiber |       |       |       |       |    26 |    49 |     4 ||    79
       Olgreb's Toxic Ra |       |       |       |       |    51 |   103 |    38 ||   192
       Confuse           |       |       |       |       |    16 |    28 |    12 ||    56
       Tukima's Dance    |       |       |       |       |     8 |    11 |    17 ||    36
       Blink             |       |       |       |       |     1 |    29 |       ||    30
       Dazzling Spray    |       |       |       |       |     1 |     8 |     5 ||    14
       Animate Dead      |       |       |       |       |       |    51 |    21 ||    72
       Ignite Poison     |       |       |       |       |       |    66 |    56 ||   122
       Recall            |       |       |       |       |       |     4 |     5 ||     9
       Control Undead    |       |       |       |       |       |       |     8 ||     8
       Regeneration      |       |       |       |       |       |       |     3 ||     3
       Shroud of Golubri |       |       |       |       |       |       |     1 ||     1
Invok: Heroism           |       |       |       |     7 |    23 |    36 |     7 ||    73
       Finesse           |       |       |       |       |     1 |     3 |       ||     4
Evoke: Wand              |       |       |       |       |    12 |    30 |       ||    42
  Use: Scroll            |       |     4 |     9 |     8 |    11 |    17 |     7 ||    56
       Potion            |       |       |    13 |     3 |     1 |     7 |    14 ||    38
 Stab: Sleeping          |       |     4 |    30 |    22 |    37 |    48 |     6 ||   147
       Distracted        |       |       |       |     1 |     2 |     8 |     4 ||    15
       Confused          |       |       |       |       |     4 |    12 |     8 ||    24
       Invisible         |       |       |       |       |     1 |       |     1 ||     2
  Eat: Royal jelly       |       |       |     1 |       |     5 |     7 |     2 ||    15
       Bread ration      |       |       |     1 |     1 |     2 |     2 |       ||     6
       Fruit             |       |       |       |       |     7 |       |     1 ||     8
Armor: Robe              |     3 |     3 |    17 |    39 |    54 |    83 |     6 ||   205
       Swamp dragon scal |       |       |       |       |       |       |     4 ||     4
Dodge: Dodged            |    28 |    64 |   105 |   296 |   498 |   871 |   133 ||  1995
Block: Other             |       |       |       |       |   108 |   206 |       ||   314
       Reflection        |       |       |       |       |     2 |     8 |    21 ||    31
       Buckler           |       |       |       |       |       |    15 |   149 ||   164
